 Dungeon Crawl Stone Soup version 0.27.1-33-g824d729ab1 (webtiles) character file.

Game seed: 1986544439653607432

456 Destapler the Sneak (level 6, -2/32 HPs)
             Began as a Spriggan Brigand on Dec 1, 2021.
             Was an Initiate of Wu Jian.
             Shot with an arrow by a centaur (8 damage)
             ... while paralysed by Grinder
             ... on level 5 of the Dungeon.
             The game lasted 00:26:38 (4827 turns).

Destapler the Sneak (Spriggan Brigand)              Turns: 4827, Time: 00:26:39

Health: -2/32      AC:  2    Str:  8    XL:     6   Next: 77%
Magic:  10/10      EV:  4    Int: 13    God:    Wu Jian [......]
Gold:   214        SH:  0    Dex: 17    Spells: 7/9 levels left

rFire    . . .     SeeInvis +   a - +2 dagger
rCold    . . .     Faith    .   (shield restricted)
rNeg     . . .     Spirit   .   b - +0 robe
rPois    .         Reflect  .   (helmet restricted)
rElec    .         Harm     .   h - scarf {+Inv}
rCorr    .         Rampage  .   (gloves unavailable)
Will     +....                  (boots unavailable)
Stlth    ++........             s - amulet of regeneration
HPRegen  1.10/turn              (no ring)
MPRegen  0.12/turn              (no ring)

@: paralysed, silenced, flying, very quick
A: very small, no large weapons, unfitting armour, see invisible, speed 3
a: Renounce Religion, Evoke Invisibility


You were on level 5 of the Dungeon.
You worshipped Wu Jian.
Wu Jian was noncommittal.
You visited 1 branch of the dungeon, and saw 5 of its levels.

You collected 214 gold pieces.

Inventory:

Hand Weapons
 a - a +2 dagger (weapon)
Missiles
 d - 5 poisoned darts (quivered)
 e - a curare-tipped dart
 n - 2 boomerangs
Armour
 b - a +0 robe (worn)
 c - a +0 cloak
 h - a scarf of invisibility (worn)
Jewellery
 s - an amulet of regeneration (around neck)
Wands
 t - a wand of flame (11)
Scrolls
 g - 3 scrolls of magic mapping {unknown}
 i - 4 scrolls of teleportation {unknown}
 j - a scroll of enchant armour {unknown}
 m - a scroll of brand weapon {unknown}
 o - a scroll of amnesia {unknown}
 p - 2 scrolls of identify
 u - a scroll of immolation {unknown}
 y - a scroll of vulnerability {unknown}
Potions
 f - a potion of might {unknown}
 k - a potion of attraction
 l - 2 potions of curing
 w - a potion of magic {unknown}


   Skills:
 + Level 3.0 Fighting
 + Level 3.9 Short Blades
 - Level 3.0 Throwing
 + Level 4.3 Dodging
 - Level 6.0 Stealth
 - Level 2.0 Spellcasting
 + Level 2.8 Translocations
 - Level 3.0 Evocations


You had 7 spell levels left.
You knew the following spells:

 Your Spells              Type           Power      Damage    Failure   Level
B - Blink                 Tloc           N/A        N/A       12%         2

Your spell library contained the following spells:

 Spells                   Type           Power      Damage    Failure   Level
 Portal Projectile        Hex/Tloc       8%         N/A       41%         3
 Call Canine Familiar     Summ           1%         N/A       58%         3
 Ozocubu's Armour         Ice            1%         N/A       58%         3
 Manifold Assault         Tloc           8%         N/A       92%         5
 Airstrike                Air            0%         N/A       94%         4
 Leda's Liquefaction      Hex/Erth       0%         N/A       94%         4
 Summon Lightning Spire   Summ/Air       1%         N/A       94%         4
 Lightning Bolt           Conj/Air       0%         1d11      100%        5
 Ozocubu's Refrigeration  Ice            0%         4d5       100%        7
 Storm Form               Tmut/Air       0%         N/A       100%        7


Dungeon Overview and Level Annotations

Branches:
Dungeon (5/15)
 Temple: D:4-7

Altars:
Wu Jian

Shops:
D:2 [   D:4 *

Annotations:
D:4 3 runed translucent doors, Holzbalken's ghost, amateur DsGl
D:5 exclusion: acid dragon, Grinder


Innate Abilities, Weirdness & Mutations

You are very small and have problems with some larger weapons.
You are too small for most types of armour.
You have supernaturally acute eyesight. (SInv)
You cover ground extremely quickly. (Speed+++)


Message History

Grinder misses you.
As you read the scroll labelled CYURAGR TUSH, it crumbles to dust.
You hear a loud clanging noise!
It was a scroll of noise.
You hear a shout!
You hear a roar!
Grinder completely misses you.
As you read the scroll labelled XEFEL LONTO, it crumbles to dust.
A profound silence engulfs you.
It was a scroll of silence.
Grinder gestures at you. Pain shoots through your body!
You completely miss Grinder.
Grinder is lightly wounded.
You barely miss Grinder.
Grinder is lightly wounded.
Grinder gestures at you.
You easily resist.
You barely miss Grinder.
Grinder is lightly wounded.
Grinder closely misses you.
You hit Grinder.
Grinder is lightly wounded.
Grinder hits you!
You writhe in agony.
You hit Grinder but do no damage.
Grinder is lightly wounded.
Grinder gestures at you. Pain shoots through your body!
You barely miss Grinder.
Grinder is lightly wounded.
You hit Grinder.
Grinder is lightly wounded.
Grinder barely misses you.
You barely miss Grinder.
Grinder is lightly wounded.
Grinder barely misses you. Grinder gestures at you.
You suddenly lose the ability to move!
The centaur shoots an arrow.
The arrow hits you!
* * * LOW HITPOINT WARNING * * *
The centaur shoots an arrow.
The arrow hits you!
You die...

.....D....#.$..#.#.#
# (...........#...
#.# # #.#.......#...#
#.####### #
#.#....... #.#
#.......########
#.#...... #.#
#..5............
#.##.#.# #.#
##.####.########
#.#....#####.# #.#
#.# #
#...........c######.#
#.########
#...............@.5.#
#.........
##.....##############
########## .......#
####.### ###


You could see Grinder and a centaur.

Vanquished Creatures
  A phantom (D:4)
  A scorpion (D:5)
  A wyvern skeleton (D:4)
  Ijyb (D:5)
  Terence (D:2)
  2 iguanas
  A howler monkey zombie (D:5)
  3 gnolls
  6 adders
  A howler monkey skeleton (D:5)
  An adder skeleton (D:4)
  A dart slug (D:3)
  6 orcs
  4 ball pythons
  5 bats
  5 endoplasms
  3 giant cockroaches
  7 goblins
  6 hobgoblins
  4 jackals (D:3)
  5 kobolds
  A quokka (D:1)
  A frilled lizard (D:1)
  A rat (D:1)
68 creatures vanquished.

Notes
Turn   | Place    | Note
-------+----------+-------------------------------------------
     0 | D:1      | Destapler the Spriggan Brigand began the quest for the Orb.
     0 | D:1      | Reached XP level 1. HP: 10/10 MP: 2/2
   475 | D:1      | Reached skill level 6 in Stealth
   501 | D:1      | Reached XP level 2. HP: 15/15 MP: 3/3
   891 | D:2      | Noticed Terence
   929 | D:2      | Killed Terence
   930 | D:2      | Reached skill level 1 in Evocations
   930 | D:2      | Reached XP level 3. HP: 17/18 MP: 4/4
  1104 | D:2      | Found Dyzea's Antique Armour Boutique.
  1869 | D:3      | You fall into a shaft and drop 2 floors!
  1869 | D:5      | Entered Level 5 of the Dungeon
  1908 | D:5      | Noticed an ogre
  1908 | D:5      | Noticed a centaur
  1985 | D:5      | Noticed an acid dragon
  2053 | D:5      | Noticed a centaur
  2317 | D:5      | Noticed Ijyb
  2320 | D:5      | Killed Ijyb
  2321 | D:5      | Reached XP level 4. HP: 23/23 MP: 5/5
  2327 | D:5      | Noticed Grinder
  2789 | D:3      | Learned a level 2 spell: Blink
  2933 | D:3      | Reached XP level 5. HP: 26/26 MP: 6/6
  3606 | D:4      | Noticed a phantom
  3628 | D:4      | Reached skill level 1 in Translocations
  3693 | D:4      | Found Ithry's Assorted Antiques.
  4013 | D:4      | Found an ornate altar of the Wu Jian Council.
  4024 | D:4      | Reached skill level 1 in Spellcasting
  4037 | D:4      | Became a worshipper of the Wu Jian Council
  4165 | D:4      | Killed a phantom
  4166 | D:4      | Reached XP level 6. HP: 32/32 MP: 7/9
  4213 | D:4      | Found a runed translucent gate.
  4214 | D:4      | Found a runed translucent gate.
  4216 | D:4      | Found a runed translucent gate.
  4218 | D:4      | Noticed Holzbalken's ghost (amateur DsGl)
  4826 | D:5      | Paralysed by Grinder for 3 turns
  4827 | D:5      | Shot with an arrow by a centaur

Illustrated notes

Levels and vault maps discovered:
D:1:      lordsloth_arrival_two_stooges, layout_rooms
D:2:      layout_basic, serial_shops, shop, hangedman_decor_slide_cut,
          minivault_14, uniq_terence
D:3:      layout_basic, minivault_5
D:4:      cheibrodos_greedy_goblins, layout_loops_ring,
          nicolae_wu_jian_wuxing_cycle, ebering_ghost_rock_garden, serial_shops,
          shop
D:5:      layout_loops_ring, chequers_temple_overflow_minitemple,
          chequers_serial_rivers_large_a, grunt_decor_clamped, uniq_ijyb,
          uniq_grinder

Skill      XL: |  1  2  3  4  5  6 |
---------------+-------------------+-----
Stealth        | 6 |  6.0
Fighting       | 2 3 |  3.0
Dodging        | 2 3 4 |  4.3
Evocations     | 1 2 3 |  3.0
Short Blades   | 3 |  3.9
Throwing       | 3 |  3.0
Translocations | 1 2 |  2.8
Spellcasting   | 1 2 |  2.0

Action                   |  1- 3 |  4- 6 || total
-------------------------+-------+-------++-------
Melee: Dagger            |    56 |   180 ||   236
Throw: Dart              |    36 |    50 ||    86
       Boomerang         |       |    31 ||    31
Invok: Lunge             |       |    23 ||    23
Evoke: Wand              |       |     2 ||     2
  Use: Scroll            |       |     3 ||     3
       Potion            |       |     3 ||     3
 Stab: Sleeping          |     4 |     6 ||    10
Armor: Robe              |     6 |     8 ||    14
Dodge: Dodged            |    33 |   125 ||   158
